 Dungeon Crawl Stone Soup version 0.29-a0-553-g81b289dbe5 (webtiles) character file.

Game seed: 6120684020175881324

146 HessuHobo the Skirmisher (level 5, -1/35 HPs)
             Began as a Gargoyle Fighter on June 7, 2022.
             Was an Elder of Ignis.
             Slain by Grinder (7 damage)
             ... while paralysed by Grinder
             ... on level 3 of the Dungeon.
             The game lasted 00:04:56 (3401 turns).

HessuHobo the Skirmisher (Gargoyle Fighter)         Turns: 3401, Time: 00:04:56

Health: -1/35      AC: 10    Str: 22    XL:     5   Next: 28%
Magic:  5/5        EV:  2    Int: 14    God:    Ignis [****..]
Gold:   80         SH:  0    Dex:  9    Spells: 4/4 levels left

rFire   + + .      SeeInvis .   a - +0 flail
rCold   + . .      Faith    .   c - +0 buckler
rNeg    + . .      Spirit   .   b - +0 scale mail
rPois   ∞          Reflect  .   (no helmet)
rElec   +          Harm     .   o - scarf {rC+ rF+}
rCorr   .          Rampage  .   (no gloves)
Will    .....                   (no boots)
Stlth   ..........              (no amulet)
HPRegen 0.11/turn               p - +6 ring of intelligence
MPRegen 0.09/turn               (no ring)

@: paralysed, mighty
A: sickness immunity, AC +4, negative energy resistance 1, electricity
resistance, torment resistance 1, petrification resistance
a: Renounce Religion, Fiery Armour, Foxfire Swarm, Rising Flame


You were on level 3 of the Dungeon.
You worshipped Ignis.
Ignis was greatly pleased with you.
You visited 1 branch of the dungeon, and saw 3 of its levels.

You collected 80 gold pieces.

Inventory:

Hand Weapons
 a - a +0 flail (weapon)
 i - a +0 great mace
Armour
 b - a +0 scale mail (worn)
 c - a +0 buckler (worn)
 o - a scarf of resistance (worn)
Jewellery
 h - a ring of fire
 p - a +6 ring of intelligence (left hand)
Wands
 q - a wand of digging (5)
Scrolls
 e - a scroll of fear {unknown}
 g - a scroll of immolation {unknown}
 k - a scroll of torment {unknown}
 m - a scroll of acquirement {unknown}
Potions
 f - a potion of berserk rage {unknown}
 j - a potion of heal wounds {unknown}
 l - a potion of resistance {unknown}
 n - a potion of curing {unknown}


   Skills:
 + Level 5.0 Fighting
 + Level 4.0 Maces & Flails
 - Level 3.2 Armour
 - Level 3.2 Shields


You had 4 spell levels left.
You didn't know any spells.
Your spell library contained the following spells:

 Spells                   Type           Power      Damage    Failure   Level
 Magic Dart               Conj           0%         1d3       69%         1
 Call Imp                 Summ           0%         N/A       83%         2
 Dazzling Flash           Conj/Hex       0%         N/A       96%         3
 Mephitic Cloud           Conj/Pois/Air  0%         N/A       96%         3
 Iskenderun's Mystic Bla  Conj/Tloc      0%         2d3       100%        4
 Starburst                Conj/Fire      0%         6d3       100%        6


Dungeon Overview and Level Annotations

Branches:
Dungeon (3/15)

Altars:
Ignis

Annotations:
D:3 Grinder


Innate Abilities, Weirdness & Mutations

You are immune to sickness and miasma.
Your stone body is resilient. (AC +4)
You are immune to poison.
You resist negative energy. (rN+)
You are resistant to electric shocks. (rElec)
You are resistant to unholy torment.
You are immune to petrification.


Message History

Okay, then.
You feel very mighty all of a sudden.
Grinder blinks!
Found an amethyst potion.
Grinder gestures at you.
You barely resist.
You see here a ball python corpse.
Grinder gestures at you.
You suddenly lose the ability to move!
Grinder blinks!
You can move again.
Unknown command.
Grinder hits you but does no damage.
You sock Grinder!
Grinder is almost dead.
Grinder gestures at you.
You shrug off the repeated paralysis!
You closely miss Grinder.
Grinder is almost dead.
Grinder blinks!
Grinder gestures at you.
You suddenly lose the ability to move!
Grinder gestures at you.
You shrug off the repeated paralysis!
You can move again.
Grinder blinks!
Grinder blinks!
You are too injured to fight recklessly!
You are too injured to fight recklessly!
Unknown command.
You see here a ball python corpse.
You barely miss Grinder.
Grinder is almost dead.
Grinder gestures at you.
You suddenly lose the ability to move!
Grinder hits you.
* * * LOW HITPOINT WARNING * * *
You writhe in agony.
* * * LOW HITPOINT WARNING * * *
Grinder hits you!
You die...

#..# ##.# #.##
########..# #+#
#..)..#...## #.#
#####.....#....# #.#
####.........#..<.###.#
#....).†.....##.#..##.#
#.....@#........##.##.#
#.....5###...#####..#.#
#......####.## ##.#..
..............### #†..#
.!.....######...#####..#
....... #.............#
....... #.##...######>#
...#### # #...# #.#
#...# #.#


You could see Grinder.

Vanquished Creatures
  An orc priest (D:3)
  4 adders
  An adder zombie (D:3)
  4 dart slugs
  2 orcs (D:3)
  6 endoplasms
  3 giant cockroaches
  8 goblins
  4 hobgoblins
  4 jackals (D:3)
  4 quokkas
  8 ball pythons
  A ball python skeleton (D:3)
  A ball python zombie (D:3)
  3 frilled lizards (D:1)
  A jackal skeleton (D:3)
  8 kobolds
  2 rats (D:1)
65 creatures vanquished.

Vanquished Creatures (others)
  19 foxfires (D:3)
  A withered plant (D:3)
20 creatures vanquished.

Grand Total: 85 creatures vanquished

Notes
Turn   | Place    | Note
-------+----------+-------------------------------------------
     0 | D:1      | HessuHobo the Gargoyle Fighter began the quest for the Orb.
     0 | D:1      | Reached XP level 1. HP: 14/14 MP: 1/1
   258 | D:1      | Reached XP level 2. HP: 19/19 MP: 2/2
   746 | D:1      | Found a faded altar of an unknown god.
   748 | D:1      | Noticed a floating eye
   749 | D:1      | Noticed a shining eye
   749 | D:1      | Noticed an eye of devastation
   749 | D:1      | Noticed a great orb of eyes
  1043 | D:1      | Reached skill level 4 in Fighting
  1043 | D:1      | Reached XP level 3. HP: 24/24 MP: 3/3
  1169 | D:1      | Prayed at the altar of an unknown god.
  1169 | D:1      | Became a worshipper of Ignis, the Dying Flame
  2403 | D:2      | Reached XP level 4. HP: 30/30 MP: 4/4
  3156 | D:3      | Reached XP level 5. HP: 32/34 MP: 5/5
  3315 | D:3      | Reached skill level 5 in Fighting
  3371 | D:3      | Noticed Grinder
  3372 | D:3      | Paralysed by Grinder for 5 turns
  3380 | D:3      | Paralysed by Grinder for 2 turns
  3388 | D:3      | Paralysed by Grinder for 2 turns
  3393 | D:3      | Paralysed by Grinder for 3 turns
  3400 | D:3      | Paralysed by Grinder for 2 turns
  3401 | D:3      | Slain by Grinder

Illustrated notes

Levels and vault maps discovered:
D:1:      dpeg_arrival_fog, layout_loops_corners,
          hellmonk_ecumenical_altar_watching_god, minmay_cut_off
D:2:      minmay_alternating_diamond, layout_loops_cross, roderic_lattice_a
D:3:      layout_basic, serial_undead, serial_undead_e, serial_undead_f,
          serial_undead_d, serial_undead_a, uniq_robin, uniq_grinder

Skill      XL: |  1  2  3  4  5 |
---------------+----------------+-----
Fighting       | 4 5 |  5.0
Maces & Flails | 3 4 |  4.0
Armour         | |  3.2
Shields        | |  3.2

Action                   |  1- 3 |  4- 6 || total
-------------------------+-------+-------++-------
Melee: Flail             |   155 |    82 ||   237
Invok: Foxfire Swarm     |       |     2 ||     2
  Use: Potion            |       |     1 ||     1
Armor: Scale mail        |    81 |    40 ||   121
Dodge: Dodged            |    52 |    27 ||    79
Block: Buckler           |    25 |    14 ||    39

Table legend: (Time is in decaauts)
 A = Elapsed time spent in this place.
 B = Non-inter-level travel time spent in this place.
 C = Inter-level travel time spent in this place.
 D = Time resting spent in this place.
 E = Time spent auto-exploring this place.
 F = Levels seen in this place.
 G = Mean time per level.
                   A        B        C        D        E       F      G
               +--------+--------+--------+--------+--------+-----+--------+
         Total |   3467 |   3353 |    114 |   1176 |   1608 |   3 | 1155.7 |
       Dungeon |   3467 |   3353 |    114 |   1176 |   1608 |   3 | 1155.7 |
               +--------+--------+--------+--------+--------+-----+--------+

Top non-repeatable levels by time:
     D:1: 1794 daAuts
     D:2: 1227 daAuts
     D:3: 445 daAuts
